 Dungeon Crawl Stone Soup version 0.27.1-33-g824d729ab1 (webtiles) character file.

Game seed: 14015150374053199013

6 lonewolfV2 the Poker (level 1, -3/20 HPs)
             Began as a Minotaur Monk on Dec 9, 2021.
             Slain by a kobold (19 damage)
             ... on level 1 of the Dungeon.
             The game lasted 00:00:17 (275 turns).

lonewolfV2 the Poker (Minotaur Monk)                 Turns: 275, Time: 00:00:18

Health: -3/20      AC:  2    Str: 15    XL:     1   Next: 75%
Magic:  0/0        EV: 12    Int:  7    God:
Gold:   14         SH:  0    Dex: 12    Spells: 0/0 levels left

rFire    . . .     SeeInvis .   a - +0 spear
rCold    . . .     Faith    .   (no shield)
rNeg     . . .     Spirit   .   b - +0 robe
rPois    .         Reflect  .   (helmet restricted)
rElec    .         Harm     .   (no cloak)
rCorr    .         Rampage  .   (no gloves)
Will     .....                  (no boots)
Stlth    ++........             (no amulet)
HPRegen  0.06/turn              (no ring)
MPRegen  0.07/turn              (no ring)

@: no status effects
A: horns 2, retaliatory headbutt
a: no special abilities


You were on level 1 of the Dungeon.
You visited 1 branch of the dungeon, and saw 1 of its levels.

You collected 14 gold pieces.

Inventory:

Hand Weapons
 a - a +0 spear (weapon)
Armour
 b - a +0 robe (worn)
Scrolls
 c - a scroll of holy word {unknown}
Potions
 d - a potion of berserk rage {unknown}


   Skills:
 + Level 3.7 Fighting
 + Level 4.0 Polearms
 + Level 3.2 Dodging
 + Level 1.6 Stealth


You couldn't memorise any spells.
You didn't know any spells.
Your spell library was empty.

Dungeon Overview and Level Annotations

Branches:
Dungeon (1/15)

Altars:


Innate Abilities, Weirdness & Mutations

You have a pair of horns on your head.
You reflexively headbutt those who attack you in melee.


Message History

There is an open door here.
You see here a +0 leather armour.
You open the door.
Found a stone staircase leading down.
There is an open door here.
There is an open door here.
As you open the door, it creaks loudly!
There is an open door here.
d - a glowing dark potion
There is an open door here.
A giant cockroach comes into view.
You barely miss the giant cockroach. The giant cockroach misses you.
You hit the giant cockroach.
Your headbutt misses the giant cockroach.
The giant cockroach is severely wounded.
The giant cockroach barely misses you. You furiously retaliate!
You headbutt the giant cockroach!
You kill the giant cockroach!
A frilled lizard comes into view.
You see here a giant cockroach corpse.
A frilled lizard is nearby!
The frilled lizard hisses angrily.
You hit the frilled lizard.
You kill the frilled lizard!
Your Polearms skill increases to level 4!
Found a stone staircase leading down.
A kobold comes into view.
It is wielding a +2 dagger of electrocution.
The kobold shouts!
A ball python comes into view.
Found a dagger.
The ball python hisses angrily.
The kobold barely misses you. You furiously retaliate!
You headbutt the kobold. You barely miss the kobold.
Your headbutt misses the kobold.
The kobold is moderately wounded.
You hit the kobold but do no damage.
The kobold is moderately wounded.
The kobold hits you with a +2 dagger of electrocution.
You are electrocuted!!
Ouch! That really hurt!
You die...

### #######.. ..# #..
#.# ##. #.# ## ###
#.# # ....
##.###############
#..#................#
#.S.....###########.#
#....@.## #.##
#...>K.# #.#.
#....#.# #.#.
#......# #.#.
#......# #.#.
##...... #.†. #... .)
##.. #... #.# #.. #..


You could see a ball python and a kobold.

Vanquished Creatures
  A giant cockroach (D:1)
  A hobgoblin (D:1)
  A frilled lizard (D:1)
  2 kobolds (D:1)
  A rat (D:1)
6 creatures vanquished.

Notes
Turn   | Place    | Note
-------+----------+-------------------------------------------
     0 | D:1      | lonewolfV2 the Minotaur Monk began the quest for the Orb.
     0 | D:1      | Reached XP level 1. HP: 19/19 MP: 0/0
   253 | D:1      | Reached skill level 4 in Polearms
   275 | D:1      | Slain by a kobold

Illustrated notes

Levels and vault maps discovered:
D:1:      dpeg_arrival_renting, layout_loops_ring

Skill      XL: |  1 |
---------------+----+-----
Polearms       | 4 |  4.0
Fighting       | |  3.7
Dodging        | |  3.2
Stealth        | |  1.6

Action                   || total
-------------------------++-------
Melee: Spear             ||    11
       Headbutt          ||     1
Dodge: Dodged            ||     5
